 Dungeon Crawl Stone Soup version 0.29.1-13-g9f3cf754e1 (webtiles) character file.

Game seed: 14396259721654863603

37 cdecastro the Sneak (level 3, 0/21 HPs)
             Began as a Kobold Brigand on Feb 4, 2023.
             Succumbed to an adder's poison
             ... on level 2 of the Dungeon.
             The game lasted 00:02:02 (1076 turns).

cdecastro the Sneak (Kobold Brigand)                Turns: 1076, Time: 00:02:02

Health: 0/21       AC:  3    Str: 10    XL:     3   Next: 60%
Magic:  3/3        EV: 14    Int: 12    God:
Gold:   135        SH:  0    Dex: 16    Spells: 2/2 levels left

rFire   . . .      SeeInvis .   a - +2 dagger
rCold   . . .      Faith    .   (no shield)
rNeg    . . .      Spirit   .   b - +0 robe
rPois   .          Reflect  .   (no helmet)
rElec   .          Harm     .   c - +0 cloak
rCorr   .          Rampage  .   (no gloves)
Will    .....                   (no boots)
Stlth   ++++......              (no amulet)
HPRegen 0.07/turn               (no ring)
MPRegen 0.08/turn               (no ring)

@: lethally poisoned (0 -> -5), attractive
A: small, no large weapons, nightstalker 3
a: no special abilities


You were on level 2 of the Dungeon.
You visited 1 branch of the dungeon, and saw 2 of its levels.

You collected 135 gold pieces.

Inventory:

Hand Weapons
 a - a +2 dagger (weapon)
Missiles
 d - 9 poisoned darts (quivered)
 e - 3 curare-tipped darts
Armour
 b - a +0 robe (worn)
 c - a +0 cloak (worn)
Jewellery
 i - an amulet of magic regeneration
 j - a ring of resist corrosion
Scrolls
 f - a scroll of identify {unknown}
 k - a scroll of torment {unknown}
 l - a scroll of magic mapping {unknown}
 m - a scroll of poison {unknown}
 n - a scroll of butterflies {unknown}
Potions
 h - a potion of might {unknown}


   Skills:
 - Level 2.1 Fighting
 * Level 4.3 Short Blades
 - Level 2.1 Throwing
 - Level 1.2 Dodging
 + Level 5.9 Stealth


You had 2 spell levels left.
You didn't know any spells.
Your spell library contained the following spells:

 Spells                   Type           Power      Damage    Failure   Level
 Ozocubu's Armour         Ice            0%         N/A       69%         3
 Ozocubu's Refrigeration  Ice            0%         4d7       100%        7


Dungeon Overview and Level Annotations

Branches:
Dungeon (2/15)

Altars:

Shops:
D:1 [


Innate Abilities, Weirdness & Mutations

You are small and have problems with some larger weapons.
You are completely attuned to the shadows.


Message History

You barely miss the adder. You punch the adder.
The adder is severely wounded.
You feel sick.
You are no longer poisoned.
The adder closely misses you.
Unknown command.
You closely miss the adder.
The adder is severely wounded.
The goblin hits you with a +0 club.
* * * LOW HITPOINT WARNING * * *
The adder bites you but does no damage.
Unknown command.
You miss the adder.
The adder is severely wounded.
The goblin closely misses you. The adder barely misses you.
Unknown command.
You hit the adder.
The adder is almost dead.
The goblin barely misses you. The adder bites you but does no damage.
Unknown command.
You completely miss the adder.
The adder is almost dead.
The adder closely misses you. The goblin closely misses you.
The worm misses you.
Unknown command.
You closely miss the adder.
The adder is almost dead.
The adder bites you.
* * * LOW HITPOINT WARNING * * *
You are lethally poisoned!
The adder poisons you!
Unknown command.
You hit the adder.
You kill the adder!
* * * LOW HITPOINT WARNING * * *
You feel sick. The goblin misses you. The worm misses you.
Unknown command.
It was a potion of attraction.
You feel attractive to monsters.
You die...

#....####<###
#....#######
#..........#
#..........#
#..........#######
#....####........#
#..<.# #........#
#........#
#....@...#
#?...gw..#
#........#
#........#
#.###.###


You could see a worm and a goblin.

Vanquished Creatures
  A gnoll (D:1)
  An adder (D:2)
  A dart slug (D:1)
  An endoplasm (D:1)
  2 goblins (D:1)
  2 hobgoblins (D:1)
  5 kobolds
  2 ball pythons (D:1)
  2 frilled lizards
  A rat (D:1)
18 creatures vanquished.

Notes
Turn   | Place    | Note
-------+----------+-------------------------------------------
     0 | D:1      | cdecastro the Kobold Brigand began the quest for the Orb.
     0 | D:1      | Reached XP level 1. HP: 12/12 MP: 1/1
   103 | D:1      | Found a faded altar of an unknown god.
   142 | D:1      | Reached XP level 2. HP: 17/17 MP: 2/2
   227 | D:1      | Found Dokluuzo's Antique Armour Boutique.
   418 | D:1      | Reached XP level 3. HP: 21/21 MP: 3/3
  1075 | D:2      | HP: 1/21 [poisoned by an adder]
  1076 | D:2      | Succumbed to an adder's poison

Illustrated notes

Levels and vault maps discovered:
D:1:      nzn_arrival_depleted_hourglass, layout_basic,
          shapermc_ecumenical_altar_notcrosses, serial_shops, shop_coins,
          nicolae_concentric_dashed_squares_mild
D:2:      layout_basic, uniq_terence

Skill      XL: |  1  2 |
---------------+-------+-----
Short Blades   | 3 4 |  4.3
Fighting       | |  2.1
Throwing       | |  2.1
Dodging        | |  1.2
Stealth        | |  5.9

Action                   || total
-------------------------++-------
Melee: Dagger            ||    42
       Punch             ||     2
  Use: Potion            ||     1
 Stab: Sleeping          ||     9
Armor: Robe              ||     5
Dodge: Dodged            ||    30
